 Dungeon Crawl Stone Soup version 0.20.0-15-g7f486f2 (webtiles) character file.

224 Naow the Firebug (level 6, -4/36 HPs)
             Began as an Octopode Fire Elementalist on June 10, 2017.
             Splashed by a jelly's acid (10 damage)
             ... on level 5 of the Dungeon.
             The game lasted 00:05:31 (3916 turns).

Naow the Firebug (Octopode Fire Elementalist)       Turns: 3916, Time: 00:05:31

Health: -4/36      AC: -7    Str:  8    XL:     6   Next: 0%
Magic:  6/11       EV: 13    Int: 19    God:
Gold:   64         SH:  0    Dex: 12    Spells: 2/12 levels left

rFire    . . .     SeeInvis .   (no weapon)
rCold    . . .     Gourm    .   (no shield)
rNeg     . . .     Faith    .   (helmet restricted)
rPois    .         Spirit   .   (no amulet)
rElec    .         Reflect  .   (no ring)
rCorr    .         Harm     .   (no ring)
MR       .....                  (no ring)
Stlth    +++.......             (no ring)
Regen    0.2/turn               (no ring)
MPRegen  0.2/turn               (no ring)
                                (no ring)
                                (no ring)

@: corroded
A: almost no armour, stealthy swim, amphibious, 8 rings, constrict 8, camouflage
1, gelatinous body 1
a: no special abilities


You were on level 5 of the Dungeon.
You were not hungry.

You visited 1 branch of the dungeon, and saw 5 of its levels.

You collected 64 gold pieces.

Inventory:

Scrolls
 d - a scroll of magic mapping {unknown}
 e - a scroll of amnesia {unknown}
 g - a scroll of teleportation {unknown}
 k - a scroll of fog {unknown}
 m - a scroll of enchant armour {unknown}
Potions
 c - a potion of curing
 f - a potion of agility {unknown}
 h - a potion of haste {unknown}
 j - a potion of degeneration {unknown}
Books
 a - a book of Flames

   Spells                             Type                      Level
   a - Flame Tongue                   Conjuration/Fire             1
   b - Throw Flame                    Conjuration/Fire             2
   c - Conjure Flame                  Conjuration/Fire             3
   d - Inner Flame                    Hexes/Fire                   3
   e - Sticky Flame                   Conjuration/Fire             4
   f - Fireball                       Conjuration/Fire             5
Comestibles
 b - 2 bread rations
 i - a meat ration
 l - 4 fruits


   Skills:
 - Level 2.0 Dodging
 - Level 2.6 Stealth
 + Level 3.5 Spellcasting
 + Level 3.4 Conjurations
 + Level 4.3 Fire Magic


You had 2 spell levels left.
You knew the following spells:

 Your Spells              Type           Power        Failure   Level  Hunger
a - Flame Tongue          Conj/Fire      ###..        3%          1    None
b - Throw Flame           Conj/Fire      ###...       4%          2    ##.....
c - Conjure Flame         Conj/Fire      ###.....     9%          3    ###....
d - Sticky Flame          Conj/Fire      ###.....     28%         4    ####...


Dungeon Overview and Level Annotations

Branches:
Dungeon (5/15)
 Temple: D:4-7

Altars:
Elyvilon
Sif Muna

Annotations:
D:2 Sigmund
D:4 Dowan, Duvessa


Innate Abilities, Weirdness & Mutations

You cannot wear most types of armour.
You are very stealthy in the water. (Stealth+)
You are amphibious.
You can wear up to eight rings at the same time.
You can use your tentacles to constrict eight enemies at once.
Your skin changes colour to match your surroundings (Stealth+).
Your rubbery body absorbs attacks. (AC +1, EV +1)


Message History

The flame tongue hits the hound.
The hound is severely wounded.
The hound closely misses you. The hound bites you. The jelly hits you.
The acid corrodes you!
You are splashed with acid!
The acid burns!
* * * LOW HITPOINT WARNING * * *
Casting: Flame Tongue
Confirm with . or Enter, or press ? or * to list all spells.
Aiming: Flame Tongue
Press: ? - help, Shift-Dir - straight line, f/p - hound
Aim: a hound (severely wounded)
The flame tongue hits the hound.
You kill the hound!
You have reached level 6!
Your experience leads to an increase in your attributes!
Increase (S)trength, (I)ntelligence, or (D)exterity?
You feel clever. The jelly hits you.
* * * LOW HITPOINT WARNING * * *
You are splashed with acid!
The acid burns!
You die...

##..# .# #. #.... ..##.#
..### ..... ...###
#r..### #..... #..>..#
###### #.....# ......
###...J.## ######
.......@.#######
########.......#########
#######.$........
###########


You could see a jelly and a quokka.

Vanquished Creatures
  A howler monkey (D:4)
  2 hounds (D:5)
  Natasha (D:2)
  4 adders
  An ooze (D:2)
  3 worms
  A dart slug (D:1)
  2 leopard geckos (D:1)
  2 orcs
  2 giant cockroaches (D:1)
  7 goblins
  7 hobgoblins
  7 bats
  9 frilled lizards
  4 kobolds
  4 rats
57 creatures vanquished.

Vanquished Creatures (others)
  8 fungi (D:3)
  5 toadstools (D:3)
13 creatures vanquished.

Grand Total: 70 creatures vanquished

Notes
Turn   | Place    | Note
-------+----------+-------------------------------------------
     0 | D:1      | Naow the Octopode Fire Elementalist began the quest for the Orb.
     0 | D:1      | Reached XP level 1. HP: 11/11 MP: 3/3
   388 | D:1      | Reached XP level 2. HP: 17/17 MP: 3/5
   972 | D:1      | Reached XP level 3. HP: 21/21 MP: 3/6
  1589 | D:2      | Noticed Natasha
  1659 | D:2      | Found a deep blue altar of Sif Muna.
  1750 | D:2      | Reached XP level 4. HP: 26/27 MP: 2/7
  1759 | D:2      | Noticed Sigmund
  2794 | D:2      | Killed Natasha
  2923 | D:2      | Reached XP level 5. HP: 13/31 MP: 1/9
  3332 | D:3      | You fall through a shaft for 2 floors!
  3332 | D:5      | Entered Level 5 of the Dungeon
  3344 | D:4      | Noticed Duvessa
  3346 | D:4      | Noticed Dowan
  3373 | D:4      | Reached skill level 4 in Fire Magic
  3445 | D:4      | Found a white marble altar of Elyvilon.
  3464 | D:4      | Noticed a slave
  3465 | D:4      | Noticed a slave
  3502 | D:5      | Learned a level 2 spell: Throw Flame
  3506 | D:5      | Learned a level 3 spell: Conjure Flame
  3511 | D:5      | Learned a level 4 spell: Sticky Flame
  3916 | D:5      | Reached XP level 6. HP: 8/36 MP: 6/11
  3916 | D:5      | Splashed by a jelly's acid

Skill      XL: |  1  2  3  4  5 |
---------------+----------------+-----
Conjurations   | 2 3 |  3.4
Spellcasting   | 3 |  3.5
Fire Magic     | 4 |  4.3
Dodging        | |  2.0
Stealth        | |  2.6

Action                   |  1- 3 |  4- 6 || total
-------------------------+-------+-------++-------
Melee: Unarmed           |    16 |     6 ||    22
       Constrict         |     5 |     2 ||     7
       Tentacles         |     3 |       ||     3
 Cast: Flame Tongue      |    49 |    66 ||   115
       Conjure Flame     |       |     2 ||     2
  Use: Potion            |       |     1 ||     1
 Stab: Sleeping          |       |     1 ||     1
  Eat: Chunk             |     3 |     3 ||     6
       Meat ration       |       |     1 ||     1
Armor: Skin              |     2 |     3 ||     5
Dodge: Dodged            |    18 |    33 ||    51
